 Dungeon Crawl Stone Soup version 0.31-a0-175-g9f7f995f2b (webtiles) character file.

Game seed: 2582198071679119749

59 qw the Shooter (level 4, 0/39 HPs)
             Began as a Naga Hunter on June 17, 2023.
             Slain by a goblin
             ... wielding a +0 short sword
             ... led by Robin
              (2 damage)
             ... on level 2 of the Dungeon.
             The game lasted 00:00:25 (791 turns).

qw the Shooter (Naga Hunter)                         Turns: 791, Time: 00:00:26

Health: 0/39       AC:  2    Str: 14    XL:     4   Next: 3%
Magic:  4/4        EV:  9    Int:  9    God:
Gold:   49         SH:  0    Dex: 16    Spells: 3/3 levels left

rFire   . . .        Y - +0 shortbow
rCold   . . .        (shield currently unavailable)
rNeg    . . .        c - +0 leather armour
rPois   +            (no helmet)
rElec   .            (no cloak)
rCorr   .            (no gloves)
SInv    +            (no barding)
Will    .....        (no amulet)
Stlth   ++           (no ring)
HPRegen 0.26/turn    (no ring)
MPRegen 0.09/turn

%: no passive effects
@: very slow
A: AC +1, large, see invisible, deformed body, poison resistance, slowness 2,
spit poison 1, naga tail 1
a: Spit Poison


You were on level 2 of the Dungeon.
You visited 1 branch of the dungeon, and saw 2 of its levels.

You collected 49 gold pieces.


Innate Abilities, Weirdness & Mutations

Your serpentine skin is tough. (AC +1)
You have supernaturally acute eyesight. (SInv)
Armour fits poorly on your strangely shaped body.
Your system is resistant to poisons. (rPois)
You cover ground very slowly.
You can spit poison.
You have a snake-like lower body.


   Skills:
 + Level 2.0 Fighting
 - Level 5.0 Ranged Weapons
 - Level 1.5 Dodging
 - Level 1.5 Stealth


You had 3 spell levels left.
You didn't know any spells.
Your spell library was empty.

Inventory:

Hand Weapons
 Y - a +0 shortbow (weapon)
Armour
 c - a +0 leather armour (worn)
Potions
 e - a potion of invisibility {unknown}

Dungeon Overview and Level Annotations

Branches:
Dungeon (2/15)

Altars:

Shops:
D:1 ?


Message History

A goblin comes into view. It is wielding a +0 club.
The goblin unwields a +0 club.
The goblin wields a +0 sling.
The goblin shoots a sling bullet.
The sling bullet hits you. The goblin closely misses you.
The hobgoblin hits you with a +0 dagger.
The goblin moves out of view.
You have reached level 4!
You feel stronger.
You shoot an arrow. The arrow barely misses the hobgoblin.
You have got your breath back.
The goblin shoots a sling bullet.
The sling bullet hits you but does no damage.
The goblin hits you with a +0 dagger. The hobgoblin closely misses you.
The goblin shouts!
788 ||| INVOKING Spit Poison.
Aiming: Spit Poison (1% risk of failure)
Press: ? - help, Shift-Dir - straight line, f - hobgoblin, p - hobgoblin The splash of poison hits the hobgoblin.
The hobgoblin is heavily wounded.
The goblin hits you with a +0 dagger. The goblin completely misses you.
The hobgoblin barely misses you. The hobgoblin closely misses you.
You shoot an arrow.
The arrow hits the hobgoblin but does no damage.
The hobgoblin is heavily wounded.
The goblin barely misses you. The hobgoblin hits you!
The hobgoblin hits you with a +0 dagger!
The goblin hits you but does no damage.
You shoot an arrow. The arrow hits the hobgoblin!
You kill the hobgoblin!
The hobgoblin no longer looks unusually strong.
The goblin no longer looks unusually strong.
The goblin barely misses you. The hobgoblin completely misses you.
The goblin hits you with a +0 dagger.
You shoot an arrow. The arrow hits the goblin.
The goblin is severely wounded.
You have got your breath back.
The goblin no longer looks unusually strong. x2
The goblin hits you but does no damage.
The hobgoblin hits you with a +0 dagger.
The goblin hits you with a +0 short sword.
You die...

##.........##
#.....##....###########
#.######......)%...)...
#.# ########...).%..
#.# #.....).. #.#
########........ #.#
.......#gJg.g... #.#
........gg...... #.#
.......#@g...... #.#
.......#.g...... ##.#
........######## ...#
###..##. .### #.# #. .#
.> ## .# .# .# .#


You could see an endoplasm, a hobgoblin and 6 goblins.

Vanquished Creatures
  Robin (D:2)
  A dart slug (D:2)
  2 ball pythons (D:1)
  6 endoplasms
  8 goblins
  7 hobgoblins
  3 jackals (D:1)
  A quokka (D:1)
  6 bats
  A frilled lizard (D:1)
  2 kobolds (D:1)
  5 rats
43 creatures vanquished.

Notes
Turn   | Place    | Note
-------+----------+-------------------------------------------
     0 | D:1      | qw the Naga Hunter began the quest for the Orb.
     0 | D:1      | Reached XP level 1. HP: 19/19 MP: 1/1
     0 | D:1      | 0 ||| qw: Version: 0.3-a-2-g5ab2908
     0 | D:1      | 0 ||| qw: Game counter: 275
     0 | D:1      | 0 ||| qw: Always use a shield: true
     0 | D:1      | 0 ||| qw: God list: Okawaru
     0 | D:1      | 0 ||| qw: Allow faded altars: false
     0 | D:1      | 0 ||| qw: Do Orc after D:15 true
     0 | D:1      | 0 ||| qw: Do second Lair branch before Depths: true
     0 | D:1      | 0 ||| qw: Lair rune preference: random
     0 | D:1      | 0 ||| qw: Plans: Normal
     0 | D:1      | 0 ||| PLANNING D:1-11
    25 | D:1      | 25 ||| INVOKING Spit Poison.
    43 | D:1      | Found Fiaceon's Magic Scroll Emporium.
    51 | D:1      | 51 ||| SHOPLISTING scroll of identify (20 gold, have 0).
    51 | D:1      | 51 ||| SHOPLISTING scroll of teleportation (30 gold, have
                  | 0).
    60 | D:1      | 60 ||| INVOKING Spit Poison.
    84 | D:1      | 84 ||| INVOKING Spit Poison.
    91 | D:1      | 91 ||| INVOKING Spit Poison.
   110 | D:1      | 110 ||| INVOKING Spit Poison.
   111 | D:1      | Reached skill level 4 in Ranged Weapons
   111 | D:1      | Reached XP level 2. HP: 26/26 MP: 2/2
   120 | D:1      | 120 ||| INVOKING Spit Poison.
   134 | D:1      | 134 ||| INVOKING Spit Poison.
   144 | D:1      | 144 ||| INVOKING Spit Poison.
   183 | D:1      | 183 ||| INVOKING Spit Poison.
   238 | D:1      | 238 ||| INVOKING Spit Poison.
   251 | D:1      | 251 ||| INVOKING Spit Poison.
   257 | D:1      | 257 ||| INVOKING Spit Poison.
   421 | D:1      | 421 ||| INVOKING Spit Poison.
   467 | D:1      | 467 ||| INVOKING Spit Poison.
   475 | D:1      | 475 ||| INVOKING Spit Poison.
   481 | D:1      | 481 ||| INVOKING Spit Poison.
   483 | D:1      | Reached XP level 3. HP: 31/32 MP: 3/3
   601 | D:1      | 601 ||| INVOKING Spit Poison.
   606 | D:1      | 606 ||| INVOKING Spit Poison.
   625 | D:1      | 625 ||| READING scroll labelled QIAGYEDIMO.
   626 | D:1      | 626 ||| READING scroll labelled HYNOSEREQY.
   627 | D:1      | 627 ||| READING scroll labelled FIOMOL HOHYSISH.
   628 | D:1      | 628 ||| DROPPING scroll of butterflies.
   676 | D:2      | 676 ||| INVOKING Spit Poison.
   723 | D:2      | 723 ||| INVOKING Spit Poison.
   727 | D:2      | 727 ||| INVOKING Spit Poison.
   733 | D:2      | 733 ||| INVOKING Spit Poison.
   738 | D:2      | 738 ||| INVOKING Spit Poison.
   763 | D:2      | 763 ||| INVOKING Spit Poison.
   771 | D:2      | 771 ||| INVOKING Spit Poison.
   774 | D:2      | 774 ||| INVOKING Spit Poison.
   776 | D:2      | Noticed Robin
   779 | D:2      | 779 ||| INVOKING Spit Poison.
   781 | D:2      | Killed Robin
   782 | D:2      | 782 ||| INVOKING Spit Poison.
   784 | D:2      | Reached skill level 5 in Ranged Weapons
   787 | D:2      | Reached XP level 4. HP: 24/39 MP: 4/4
   788 | D:2      | 788 ||| INVOKING Spit Poison.
   789 | D:2      | HP: 6/39 [hobgoblin/+0 dagger[Robin] (9)]
   791 | D:2      | HP: 2/39 [hobgoblin/+0 dagger[Robin] (4)]
   791 | D:2      | Slain by a goblin

Levels and vault maps discovered:
D:1:      elethiomel_arrival_shortcut, layout_basic, serial_shops, shop
D:2:      layout_rooms, basic_altar, uniq_robin

Skill      XL: |  1  2  3 |
---------------+----------+-----
Ranged Weapons | 4 5 |  5.0
Fighting       | |  2.0
Dodging        | |  1.5
Stealth        | |  1.5

Action                     |  1- 3 |  4- 6 || total
---------------------------+-------+-------++-------
   Fire: Shortbow          |    83 |     4 ||    87
Ability: Spit Poison       |    28 |     1 ||    29
    Use: Scroll            |     3 |       ||     3
 Armour: Leather armour    |     8 |     3 ||    11
  Dodge: Dodged            |    17 |     7 ||    24

Table legend:
 A = Non-vault XP
 B = Vault XP
 C = Vault XP percentage of total XP
 D = Non-vault monster count
 E = Vault monster count
 F = Vault count percentage of total count
                 A         B        C        D         E       F
            +---------+---------+-------+---------+---------+-------
      Total |      62 |      23 |  27.1 |      38 |       5 |  11.6
            +---------+---------+-------+---------+---------+-------
        D:1 |      41 |       0 |   0.0 |      27 |       0 |   0.0
        D:2 |      21 |      23 |  52.3 |      11 |       5 |  31.2
            +---------+---------+-------+---------+---------+-------
